AoeStats
← 凉拌皮蛋

Arena

508598482Analyzed
4v4 RM · 9d ago on Sep 23, 2026· 34m 22s· 8 players
Game mode
Random Map
Map size
Large (8 player)
Population
200
Speed
Normal
Resources
Standard
Victory
Conquest
Starting age
Dark Age
Ending age
Imperial Age
RankedLock teamsTeams togetherTeam positionsShared explorationLock speedFull tech treeHidden civsTurbo modeCheats
Victory
Defeat
🇲🇽 Persians · Mexico
1556
+18
🇨🇱 Spanish · Chile
1546
+19
🇦🇷 Tupi · Argentina
1519
+20
🇯🇵 Khmer · Japan
1495
+21
🇲🇽 Persians · Mexico
1630
-20
🇦🇷 Sicilians · Argentina
1612
-20
🇨🇳 Hindustanis · China
1595
-19
🇺🇸 Britons · United States
1583
-19
AttilathePun463
9:51 Feudal Age
9:15 Loom
14:11 Castle Age
12:22 Double-Bit Axe
18:28 Bow Saw
23:16 Horse Collar
24:29 Heavy Plow
25:57 Wheelbarrow
28:39 Fletching
31:37 Imperial Age
30:04 Hand Cart
29:41 Fletching
30:01 Town Watch
30:58 Bodkin Arrow
31:43 Ballistics
31:17 Crossbowman
32:25 Bracer
32:02 Arbalester
33:36 Gold Mining
34:13 Padded Archer Armor
34:18 Squires
35:25 Chemistry
Asator
10:55 Feudal Age
14:39 Castle Age
12:43 Double-Bit Axe
12:57 Horse Collar
15:54 Bow Saw
15:43 Loom
24:32 Squires
25:19 Scale Mail Armor
26:22 Chain Mail Armor
26:17 Forging
27:48 Forging
32:01 Imperial Age
29:18 Pikeman
30:42 Wheelbarrow
30:48 Fletching
31:17 Gold Mining
31:19 Stone Mining
31:32 Bodkin Arrow
VX | Obligame Perro!
10:36 Feudal Age
14:14 Castle Age
12:24 Double-Bit Axe
12:29 Horse Collar
15:16 Bow Saw
22:30 Wheelbarrow
23:31 Hand Cart
28:40 Imperial Age
25:56 Loom
26:19 Gold Mining
26:36 Scale Barding Armor
27:07 Forging
27:14 Bloodlines
27:24 Husbandry
27:47 Chain Barding Armor
27:37 Heavy Plow
28:16 Gold Shaft Mining
28:20 Cavalier
29:42 Plate Barding Armor
30:59 Savar
33:18 Iron Casting
凉拌皮蛋
10:02 Feudal Age
14:06 Castle Age
13:28 Double-Bit Axe
13:24 Horse Collar
21:39 Wheelbarrow
21:45 Bow Saw
25:31 Scale Mail Armor
AiM | Fubuki Sinri
10:03 Feudal Age
13:44 Castle Age
11:37 Horse Collar
21:26 Wheelbarrow
22:04 Double-Bit Axe
22:20 Heavy Plow
23:51 Gold Mining
23:52 Stone Mining
23:53 Loom
24:27 Hand Cart
24:39 Bow Saw
26:17 Gold Shaft Mining
26:17 Stone Shaft Mining
26:00 Town Watch
29:22 Imperial Age
27:56 Scale Barding Armor
28:03 Forging
28:28 Bloodlines
28:18 Husbandry
29:12 Chain Barding Armor
29:28 Iron Casting
29:05 Cavalier
31:11 Plate Barding Armor
31:37 Blast Furnace
30:53 Savar
32:14 Savar
33:26 Conscription
33:21 Fletching
35:52 Chemistry
AiM | PoRRo
11:16 Feudal Age
11:36 Loom
14:43 Castle Age
12:36 Double-Bit Axe
24:57 Fletching
28:29 Bow Saw
34:43 Imperial Age
33:23 Horse Collar
Songoku
10:52 Feudal Age
14:01 Castle Age
11:51 Double-Bit Axe
11:47 Horse Collar
15:05 Bow Saw
21:11 Wheelbarrow
20:44 Gold Mining
21:46 Loom
22:17 Hand Cart
26:32 Imperial Age
23:32 Pikeman
24:34 Stone Mining
26:40 Scale Barding Armor
26:45 Forging
26:14 Man-at-Arms
27:03 Scale Mail Armor
28:07 Bloodlines
27:58 Husbandry
27:55 Long Swordsman
29:20 Iron Casting
28:46 Two-Handed Swordsman
30:02 Chain Barding Armor
31:21 Blast Furnace
31:36 Conscription
32:14 Plate Barding Armor
32:25 Town Watch
33:22 Gold Shaft Mining
33:09 Elite Battle Elephant
34:13 Heavy Plow
34:15 Town Patrol
34:35 Double Crossbow
34:40 Tusk Swords
35:32 Stone Shaft Mining
AIM | Agua cate 98
5:14 Loom
5:49 Loom
7:59 Feudal Age
8:54 Double-Bit Axe
13:40 Horse Collar
15:44 Wheelbarrow
20:16 Castle Age
19:19 Gold Mining
19:51 Fletching
21:19 Bodkin Arrow
22:54 Bow Saw
24:35 Stone Mining
24:54 Padded Archer Armor
24:54 Town Watch
25:13 Heavy Plow
29:06 Ballistics
29:12 Hand Cart
33:51 Imperial Age
32:59 Gold Shaft Mining
35:06 Curare
Connection lost

Rejoining the realm…

Still unreachable

The connection could not be restored.

Session expired

The server has moved on; the page needs a fresh start.